 Dungeon Crawl Stone Soup version 0.25.1-2-g60ff931df9 (webtiles) character file.

Game seed: 5850938076910712300

84795 Johnny the Earth Mage (level 14, -2/93 HPs)
             Began as a Demigod Earth Elementalist on Oct 27, 2020.
             Slain by a seven-headed hydra (7 damage)
             ... on level 6 of the Lair of Beasts.
             The game lasted 00:37:50 (31363 turns).

Johnny the Earth Mage (Demigod Earth Elementalist) Turns: 31363, Time: 00:37:51

Health: -2/93      AC:  9    Str: 13    XL:     14   Next: 97%
Magic:  1/34       EV: 11    Int: 43    God:
Gold:   2338       SH: 12    Dex: 16    Spells: 21/36 levels left

rFire    + . .     SeeInvis .   C - +6 rapier "Wufa" {speed, MR+ Int+4}
rCold    . . .     Gourm    .   r - +0 kite shield
rNeg     . . .     Faith    .   g - +2 troll leather armour
rPois    .         Spirit   .   K - +0 helmet
rElec    .         Reflect  .   p - scarf {+Inv}
rCorr    .         Harm     .   (no gloves)
MR       ++...                  Q - +1 pair of boots {Fly}
Stlth    ++........             I - amulet of regeneration
HPRegen  1.05/turn              O - ring "Ycafun" {rF+ Str+2 Int+6}
MPRegen  0.24/turn              J - +6 ring of intelligence

@: no status effects
A: high mp 1
a: Evoke Invisibility, Evoke Flight


You were on level 6 of the Lair of Beasts.
You were very hungry.

You visited 4 branches of the dungeon, and saw 24 of its levels.
You also visited: Sewer and Volcano.

You collected 2338 gold pieces.

Inventory:

Hand Weapons
 x - a +1 whip of venom
 C - the +6 rapier "Wufa" (weapon) {speed, MR+ Int+4}
   (You found it on level 13 of the Dungeon)

   Attacks with this weapon are significantly faster.
   It affects your intelligence (+4).
   It affects your resistance to hostile enchantments.
 F - a +2 dagger of venom
Missiles
 T - 23 stones (quivered)
Armour
 g - a +2 troll leather armour (worn)
 p - a scarf of invisibility (worn)
 r - a +0 kite shield (worn)
 K - a +0 helmet (worn)
 Q - a +1 pair of boots of flying (worn)
 S - a +0 robe of resistance
Jewellery
 h - an uncursed ring of wizardry {unknown}
 l - an uncursed ring of ice
 D - an uncursed ring of stealth
 I - an amulet of regeneration (around neck)
 J - a +6 ring of intelligence (right hand)
 L - an uncursed ring of wizardry {unknown}
 O - the ring "Ycafun" (left hand) {rF+ Str+2 Int+6}
   (You took it off a centaur on level 13 of the Dungeon)

   [ring of intelligence]

   It affects your strength (+2).
   It affects your intelligence (+6).
   It protects you from fire.
 U - an uncursed ring of see invisible {unknown}
Wands
 G - a wand of iceblast (15)
 P - a wand of digging (3)
Scrolls
 a - 12 scrolls of remove curse
 b - a scroll of holy word
 c - a scroll of fear
 m - 3 scrolls of enchant weapon {unknown}
 o - 7 scrolls of blinking
 t - 2 scrolls of fog
 v - 7 scrolls of teleportation
 y - 2 scrolls of noise {unknown}
 z - 3 scrolls of magic mapping
 M - 3 scrolls of immolation
Potions
 e - 4 potions of might {unknown}
 i - 2 potions of berserk rage {unknown}
 j - 10 potions of curing
 k - 3 potions of lignification {unknown}
 n - a potion of cancellation {unknown}
 s - 3 potions of stabbing {unknown}
 u - 9 potions of heal wounds {unknown}
 w - 4 potions of brilliance {unknown}
 A - 2 potions of flight {unknown}
 B - 8 potions of degeneration {unknown}
 E - 3 potions of mutation {unknown}
 H - a potion of ambrosia {unknown}
 N - 3 potions of haste
Miscellaneous
 f - a lightning rod (2/4)
Comestibles
 d - 39 rations


   Skills:
 - Level 1.7 Dodging
 - Level 1.7 Stealth
 + Level 12.5 Shields
 + Level 11.9 Spellcasting
 - Level 0.8 Transmutations
 * Level 17.3 Earth Magic


You had 21 spell levels left.
You knew the following spells:

 Your Spells              Type           Power        Failure   Level  Hunger
a - Sandblast             Erth           ######       0%          1    None
b - Stone Arrow           Conj/Erth      ######       1%          3    None
c - Lee's Rapid Deconstr  Erth           ########..   1%          5    None
d - Petrify               Tmut/Erth      #######.     1%          4    None
e - Blink                 Tloc           N/A          3%          2    None

Your spell library contained the following spells:

 Spells                   Type           Power        Failure   Level  Hunger
 Apportation              Tloc           ####..       1%          1    None
 Corona                   Hex            ####...      1%          1    None
 Magic Dart               Conj           ####         1%          1    None
 Shock                    Conj/Air       ####         1%          1    None
 Summon Butterflies       Summ           ####....     1%          1    None
 Passwall                 Tmut/Erth      #######.     1%          2    None
 Leda's Liquefaction      Hex/Erth       #######...   1%          4    None
 Call Imp                 Summ           ####....     3%          2    None
 Ensorcelled Hibernation  Hex/Ice        ####..       3%          2    None
 Slow                     Hex            ####....     3%          2    None
 Swiftness                Chrm/Air       ####....     3%          2    None
 Call Canine Familiar     Summ           ####....     6%          3    None
 Confusing Touch          Hex            ####....     6%          3    None
 Conjure Flame            Conj/Fire      ####....     6%          3    None
 Dazzling Flash           Conj/Hex       ####..       6%          3    None
 Lesser Beckoning         Tloc           ####......   6%          3    None
 Mephitic Cloud           Conj/Pois/Air  ####....     6%          3    None
 Static Discharge         Conj/Air       ####....     6%          3    None
 Tukima's Dance           Hex            ####....     6%          3    None
 Statue Form              Tmut/Erth      #######..    8%          6    ##.....
 Airstrike                Air            ####......   21%         4    None
 Cause Fear               Hex            ####......   21%         4    None
 Summon Ice Beast         Ice/Summ       ####....     21%         4    None
 Alistair's Intoxication  Tmut/Pois      ####....     43%         5    None
 Lightning Bolt           Conj/Air       ####......   50%         5    None
 Summon Mana Viper        Hex/Summ       ####....     50%         5    None
 Invisibility             Hex            ####....     97%         6    ##.....
 Summon Hydra             Summ           ####......   100%        7    ####...


Dungeon Overview and Level Annotations

Branches:
Dungeon (15/15)            Temple (1/1) D:4            Lair (6/6) D:9
  Swamp (0/4) Lair:3       Spider (0/4) Lair:2        Slime (0/5) Lair:5
    Orc (2/2) D:11            Elf (0/3) Orc:2        Vaults (0/5) D:13
  Sewer (visited)         Volcano (visited)
 Depths: D:15

Shops:
Orc:2 %}%(

Portals:
Pandemonium: Orc:2

Annotations:
D:11 2 transporters


Innate Abilities, Weirdness & Mutations

You have an increased reservoir of magic. (+10% MP)


Message History

T - 24 stones You block the seven-headed hydra's attack.
The seven-headed hydra bites you.
* * * LOW HITPOINT WARNING * * *
The seven-headed hydra bites you!
* * * LOW HITPOINT WARNING * * *
The seven-headed hydra closely misses you.
The seven-headed hydra bites you.
* * * LOW HITPOINT WARNING * * *
You block the seven-headed hydra's attack. x2
Casting: Sandblast (safe; 0% risk of failure)
Confirm with . or Enter, or press ? or * to list all spells.
Aiming: Sandblast (safe; 0% risk of failure)
Press: ? - help, Shift-Dir - straight line, f/p - seven-headed hydra
Aim: a seven-headed hydra (heavily wounded)
The blast of sand hits the seven-headed hydra!!
The seven-headed hydra is almost dead.
T - 23 stones The seven-headed hydra bites you!
You die...

.#.............#.#.
...............#..
###.........P....... .
##.#......P...#......
..##........P...........
........................
.....†.#...#............
.....................PP.
...#D@................
###..†................
#.......##.......P...
#..<.................
###............#.......
#.........%...#........
..#..<.÷P.###............
...........................
.......#.:†#..#......P...#.


You could see a seven-headed hydra.

Vanquished Creatures
  Kirke (D:12)
  Nessos (Lair:5)
  A red draconian (Volcano)
  Josephine (Lair:5)
  A rakshasa (D:13)
  Harold (Lair:2)
  Fannar (Lair:2)
  6 hydras
  2 death yaks (Lair:3)
  An ogre mage (D:13)
  Erica (Lair:1)
  2 centaur warriors
  8 two-headed ogres
  A tengu warrior (D:14)
  4 orc high priests (Orc:2)
  Nergalle (D:12)
  A soul eater (Orc:2)
  A sixfirhy (Orc:2)
  An infernal demonspawn (Orc:2)
  A deep troll (shapeshifter) (D:13)
  An unseen horror (D:13)
  Pikel (D:5)
  A necromancer (Lair:2)
  4 orc knights (Orc:2)
  7 orc sorcerers (Orc:2)
  2 deep elf magi
  4 oklob plants (Lair:5)
  7 ugly things
  2 cyclopes
  2 manticores (D:13)
  11 elephants
  Maurice (D:10)
  4 black mambas
  An orange demon (Orc:2)
  12 spiny frogs
  A rime drake (Lair:1)
  2 gargoyles (D:10)
  3 komodo dragons
  2 kobold demonologists
  2 yaktaurs
  An efreet (D:13)
  A red devil (Orc:2)
  5 polar bears (Lair:3)
  10 trolls
  2 jumping spiders (Lair:2)
  26 blink frogs
  A dream sheep (Lair:4)
  6 slime creatures
  11 hippogriffs
  3 shadows
  2 ynoxinuls (Orc:2)
  2 vampires
  3 redbacks (Lair:2)
  6 wraiths
  2 water elementals (D:12)
  3 basilisks
  9 wyverns
  3 yaks
  2 hogs (D:12)
  4 vampire mosquitoes
  A hungry ghost (D:13)
  2 soldier ants
  A warg (Orc:2)
  2 insubstantial wisps (Lair:3)
  An acid dragon (D:14)
  15 water moccasins
  9 porcupines
  33 orc warriors
  2 eyes of draining
  4 ice beasts
  9 sky beasts
  A slave (D:5)
  2 phantoms
  A black bear (Lair:3)
  7 ogres
  A necrophage (D:12)
  6 crocodiles
  14 centaurs
  12 big kobolds
  15 bullfrogs
  A wyvern zombie (D:9)
  2 water moccasin zombies
  4 scorpions
  A wyvern skeleton (D:10)
  12 killer bees
  9 wights
  8 howler monkeys
  An electric eel (D:12)
  A jelly (D:13)
  2 centaur zombies
  3 crimson imps
  2 quasits
  2 bullfrog zombies
  28 orc priests
  7 hounds
  Crazy Yiuf (D:5)
  30 orc wizards
  A bullfrog skeleton (D:10)
  6 centaur skeletons
  5 iguanas
  2 polar bear simulacra (Lair:2)
  14 worker ants
  5 yak simulacra (Lair:2)
  A wolf simulacrum (Lair:2)
  3 worker ant zombies
  Robin (D:2)
  A gnoll (D:1)
  19 adders
  6 shadow imps
  2 adder skeletons
  2 worms
  3 dart slugs
  5 leopard geckos
  108 orcs
  6 bats
  7 giant cockroaches
  17 goblins
  14 hobgoblins
  14 jackals
  3 quokkas
  7 ball pythons
  10 frilled lizards
  A giant cockroach zombie (D:5)
  A jackal skeleton (D:5)
  16 kobolds
  A leopard gecko skeleton (D:6)
  A leopard gecko zombie (D:5)
  A quokka skeleton (D:7)
  6 rats
  3 river rat simulacra (Lair:2)
  A fungus (Lair:3)
754 creatures vanquished.

Vanquished Creatures (others)
  4 humans (D:13)
  A slave (D:5)
  A centaur (Volcano)
  An orc wizard (D:9)
  2 worker ants
  An orc (D:12)
  A jackal (D:5)
  A quokka (D:5)
  A bat (D:3)
  8 fungi
  8 plants
29 creatures vanquished.

Grand Total: 783 creatures vanquished

Notes
Turn   | Place    | Note
-------+----------+-------------------------------------------
     0 | D:1      | Johnny the Demigod Earth Elementalist began the quest for
                  | the Orb.
     0 | D:1      | Reached XP level 1. HP: 14/14 MP: 5/5
   109 | D:1      | Reached skill level 3 in Earth Magic
   263 | D:1      | Reached XP level 2. HP: 20/20 MP: 1/7
  1210 | D:1      | Reached XP level 3. HP: 17/26 MP: 5/9
  2118 | D:2      | Noticed Robin
  2126 | D:2      | Killed Robin
  2154 | D:2      | Reached skill level 4 in Earth Magic
  2270 | D:2      | Reached XP level 4. HP: 20/33 MP: 8/10
  2422 | D:2      | Found a white marble altar of Elyvilon.
  3143 | D:3      | Noticed a sky beast
  3151 | D:3      | Killed a sky beast
  3151 | D:3      | Reached skill level 1 in Shields
  3151 | D:3      | Reached XP level 5. HP: 30/38 MP: 4/12
  4201 | D:4      | Found a staircase to the Ecumenical Temple.
  4225 | D:4      | Reached skill level 5 in Earth Magic
  4243 | D:4      | Reached XP level 6. HP: 25/45 MP: 1/13
  4433 | D:4      | Found a glowing drain.
  4442 | Sewer    | Entered a sewer
  5324 | D:4      | Found a stormy altar of Qazlal.
  5652 | D:5      | Entered Level 5 of the Dungeon
  5657 | D:5      | Found an ancient bone altar of Kikubaaqudgha.
  5664 | D:5      | Reached XP level 7. HP: 29/50 MP: 7/15
  5874 | D:5      | Reached skill level 6 in Earth Magic
  6132 | D:5      | Noticed Pikel
  6144 | D:5      | Killed Pikel
  6215 | D:5      | Noticed an angel
  6217 | D:5      | Found a glowing silver altar of Zin.
  6232 | D:5      | Reached skill level 7 in Earth Magic
  6238 | D:5      | Reached XP level 8. HP: 38/57 MP: 5/18
  6514 | D:5      | Got an encrusted spear
  6563 | D:5      | Identified the cursed +3 spear "Qiapox" {freeze, Str+4}
                  | (You found it on level 5 of the Dungeon)
  6869 | D:5      | Found a runed translucent door.
  6870 | D:5      | Noticed Crazy Yiuf
  6875 | D:5      | Killed Crazy Yiuf
  7687 | Temple   | Entered the Ecumenical Temple
  7732 | D:6      | Learned a level 3 spell: Stone Arrow
  7738 | D:6      | Learned a level 5 spell: Lee's Rapid Deconstruction
  7743 | D:6      | Learned a level 4 spell: Petrify
  7754 | D:6      | Reached skill level 5 in Spellcasting
  7763 | D:6      | Reached skill level 8 in Earth Magic
  8116 | D:6      | Reached skill level 5 in Shields
  8466 | D:6      | Reached XP level 9. HP: 59/62 MP: 20/20
  8487 | D:6      | Found a hide-covered altar of Uskayaw.
  8710 | D:7      | You fall into a shaft and drop 1 floor!
  8895 | D:8      | Reached skill level 9 in Earth Magic
  9013 | D:8      | Found an ornate altar of the Wu Jian Council.
  9953 | D:7      | Found a glowing golden altar of the Shining One.
 10212 | D:9      | Reached skill level 10 in Earth Magic
 10342 | D:9      | Found a shattered altar of Ashenzari.
 10411 | D:9      | Found a staircase to the Lair.
 10500 | D:9      | Found a snail-covered altar of Cheibriados.
 10501 | D:9      | Found a sacrificial altar of Ru.
 10501 | D:9      | Found a basalt altar of Yredelemnul.
 10780 | D:9      | Noticed a two-headed ogre
 10793 | D:9      | Killed a two-headed ogre
 10793 | D:9      | Reached XP level 10. HP: 43/69 MP: 18/24
 11003 | D:10     | Entered Level 10 of the Dungeon
 11174 | D:10     | Noticed Maurice
 11345 | D:10     | Reached skill level 11 in Earth Magic
 11504 | D:10     | Noticed a cyclops
 11506 | D:10     | Killed a cyclops
 11648 | D:10     | Killed Maurice
 12056 | D:10     | Reached XP level 11. HP: 68/74 MP: 13/26
 12660 | D:10     | Found a burning altar of Makhleb.
 12902 | D:11     | Reached skill level 12 in Earth Magic
 13343 | D:11     | Found a staircase to the Orcish Mines.
 13400 | D:11     | Found a transporter.
 13406 | D:11     | Noticed a frost giant
 13406 | D:11     | Noticed a frost giant
 13580 | D:11     | Noticed a two-headed ogre
 13583 | D:11     | Killed a two-headed ogre
 13900 | D:11     | Found a transporter.
 14220 | D:12     | Noticed a two-headed ogre
 14232 | D:12     | Killed a two-headed ogre
 14605 | D:12     | Noticed a seven-headed hydra
 14611 | D:12     | Killed a seven-headed hydra
 14776 | D:12     | Noticed Nergalle
 14911 | D:12     | Killed Nergalle
 15136 | D:12     | Reached skill level 13 in Earth Magic
 16031 | D:13     | Noticed a two-headed ogre
 16032 | D:13     | Noticed a two-headed ogre
 16033 | D:13     | Noticed an ogre mage
 16038 | D:13     | Killed a two-headed ogre
 16038 | D:13     | Reached XP level 12. HP: 81/81 MP: 18/29
 16040 | D:13     | Killed an ogre mage
 16115 | D:13     | Noticed a centaur warrior
 16126 | D:13     | Killed a centaur warrior
 16288 | D:13     | Found a gate to the Vaults.
 16702 | D:13     | Got a dazzling rapier
 16707 | D:13     | Identified the +6 rapier "Wufa" {speed, MR+ Int+4} (You
                  | found it on level 13 of the Dungeon)
 16728 | D:13     | Noticed Kirke
 16844 | D:13     | Noticed an anaconda
 16844 | D:13     | a sea snake changed into an anaconda
 16845 | D:13     | an anaconda changed into a shock serpent
 17140 | D:12     | Killed Kirke
 17140 | D:12     | Reached skill level 10 in Shields
 17140 | D:12     | Reached skill level 14 in Earth Magic
 17733 | D:13     | Noticed a rakshasa
 17745 | D:13     | Identified the ring "Ycafun" {rF+ Str+2 Int+6}
 17748 | D:13     | Killed a rakshasa
 18206 | D:14     | You fall into a shaft and drop 1 floor!
 18206 | D:15     | Entered Level 15 of the Dungeon
 18847 | D:14     | Reached XP level 13. HP: 45/86 MP: 25/31
 18948 | D:14     | Reached skill level 10 in Spellcasting
 19566 | Orc:1    | Entered Level 1 of the Orcish Mines
 19566 | Orc:1    | Found a radiant altar of Vehumet.
 19806 | Orc:1    | Found a dark tunnel.
 19834 | Volcano  | Entered a volcano
 19854 | Volcano  | Reached skill level 15 in Earth Magic
 19862 | Volcano  | Noticed a red draconian
 20022 | Volcano  | Killed a red draconian
 20076 | Volcano  | Found a bloodstained altar of Trog.
 20595 | Orc:2    | Entered Level 2 of the Orcish Mines
 21074 | Orc:2    | Found Otzenuco's Food Shop.
 21524 | Orc:2    | Found Edablox's Food Boutique.
 22328 | Orc:2    | Found a staircase to the Elven Halls.
 22374 | Orc:2    | Found a roughly hewn altar of Beogh.
 22871 | Orc:2    | Found Zeajav's Gadget Shoppe.
 22871 | Orc:2    | Found Wayjetutt's Antique Weapon Emporium.
 22871 | Orc:2    | Found a one-way gate leading to the halls of Pandemonium.
 23143 | Orc:2    | Found a roughly hewn altar of Beogh.
 23826 | Lair:1   | Entered Level 1 of the Lair of Beasts
 23983 | Lair:1   | Noticed Erica
 23986 | Lair:1   | Killed Erica
 24079 | Lair:1   | Learned a level 2 spell: Blink
 24630 | Lair:2   | Noticed Fannar
 24638 | Lair:2   | Killed Fannar
 24638 | Lair:2   | Reached skill level 16 in Earth Magic
 24638 | Lair:2   | Reached XP level 14. HP: 93/93 MP: 5/33
 25305 | Lair:2   | Found a hole to the Spider Nest.
 25383 | Lair:2   | Noticed Harold
 25387 | Lair:2   | Killed Harold
 26517 | Lair:3   | Found a staircase to the Swamp.
 29485 | Lair:5   | Found a viscous altar of Jiyva.
 29485 | Lair:5   | Found a staircase to the Slime Pits.
 29547 | Lair:5   | Noticed Nessos
 29551 | Lair:5   | Killed Nessos
 29829 | Lair:5   | Reached skill level 17 in Earth Magic
 29870 | Lair:5   | Identified Poiq's Tome of Clay and Beguiling
 30302 | Lair:5   | Noticed Josephine
 30311 | Lair:5   | Killed Josephine
 30927 | Lair:6   | Entered Level 6 of the Lair of Beasts
 31362 | Lair:6   | HP: 4/93 [seven-headed hydra (5)]
 31363 | Lair:6   | Slain by a seven-headed hydra

Illustrated notes

Levels and vault maps discovered:
D:1:      dpeg_arrival_signposts, layout_basic
D:2:      layout_basic, elyvilon_altar_1, minmay_misc_feat_encased,
          minmay_between, uniq_robin
D:3:      layout_basic
D:4:      layout_loops_ring, grunt_qazlal_sundering,
          minmay_temple_entry_statues_pillars, portal_sewer_entry_d,
          first_ration, lexackson_kobold_supper
D:5:      minmay_skewed_foursquare, layout_basic, lemuel_crystal_altar,
          zin_angel, nrook_mini_vaults, uniq_crazy_yiuf_cottage, uniq_pikel
D:6:      layout_cave_pools, marbit_many_paths
D:7:      layout_loops_cross, kennysheep_mini, minmay_tree_intersection
D:8:      layout_basic, old_standard_altar, grunt_pizzeria
D:9:      layout_long_grid, lemuel_round_altar, minitemple, lair_entry_dummy
D:10:     cheibrodos_ideogram_h, layout_rooms, basic_altar, special_room
          [special_room_kobold], uniq_maurice
D:11:     gammafunk_sealed_arena, layout_gridville, david_orc_4
D:12:     layout_rooms, serial_bayou, serial_bayou_pond_e, serial_bayou_pond_b,
          serial_bayou_pond_b, serial_bayou_shore_b, uniq_nergalle
D:13:     layout_irregular_city, david_vaults_2,
          minmay_fractal_squares_gapless_7, uniq_kirke
D:14:     layout_basic, minivault_23
D:15:     grunt_enter_depths_snipers, layout_basic
Temple:   jpeg_temple_clearing
Lair:1:   layout_concentric_octagons, st_stairs_7, ldierk_geyser,
          cheibrodos_lair_reptile_den, uniq_erica
Lair:2:   layout_long_grid, nicolae_spider_entry_tight_spaces,
          eino_house_with_fridge, uniq_harold, uniq_fannar
Lair:3:   beast_lair_carwin_large_2, layout_chaotic_city,
          minmay_swamp_entry_wisps, chequers_serial_rivers_micro_a,
          infiniplex_staircase_pool
Lair:4:   layout_cave_pods, st_stairs_5, serial_bayou_shore_a
Lair:5:   layout_cave_pods, slime_altar_1, minmay_lair_oklob_chamber,
          uniq_josephine, uniq_nessos
Lair:6:   evilmike_catoblepas_cave, layout_misc_corridors, lemuel_fruit_tree
Orc:1:    layout_caves, nicolae_volcano_entry_hallway, basic_altar
Orc:2:    pf_orc_diabolical, layout_diamond_mine, basic_altar,
          small_statue_alley_c, library_closet, minmay_orc_temple_a

Skill      XL: |  1  2  3  4  5  6  7  8  9 10 11 12 13 14 |
---------------+-------------------------------------------+-----
Earth Magic    | 3 4 5 7 8 10 11 13 14 16 17 | 17.3
Spellcasting   | 2 3 4 5 6 7 8 9 11 | 11.9
Shields        | 1 2 4 5 6 7 9 10 11 12 | 12.5
Dodging        | |  1.7
Stealth        | |  1.7
Transmutations | |  0.8

Action                   |  1- 3 |  4- 6 |  7- 9 | 10-12 | 13-15 || total
-------------------------+-------+-------+-------+-------+-------++-------
Melee: Dagger            |    80 |    66 |   182 |   230 |       ||   558
       Unarmed           |     2 |       |       |       |       ||     2
       Hand axe          |       |    80 |     6 |       |       ||    86
       Whip              |       |       |    37 |       |       ||    37
       Rapier            |       |       |       |    14 |   104 ||   118
Throw: Stone             |       |       |       |     1 |       ||     1
 Cast: Sandblast         |    45 |    65 |   122 |   238 |   188 ||   658
       Stone Arrow       |       |       |     7 |    83 |   250 ||   340
       Lee's Rapid Decon |       |       |       |    82 |   134 ||   216
       Petrify           |       |       |       |     6 |     9 ||    15
       Blink             |       |       |       |       |     2 ||     2
 Abil: Evoke Invisibilit |       |       |     1 |     2 |       ||     3
       Stop Flying       |       |       |       |       |     1 ||     1
Evoke: Wand              |       |     8 |    15 |     8 |    21 ||    52
       Lightning rod     |       |       |       |       |     8 ||     8
  Use: Potion            |     1 |       |       |     1 |       ||     2
       Scroll            |       |       |     6 |    10 |     5 ||    21
 Stab: Sleeping          |     6 |     3 |    14 |       |       ||    23
       Invisible         |       |       |     1 |       |       ||     1
       Petrified         |       |       |       |     6 |       ||     6
       Distracted        |       |       |       |     1 |       ||     1
  Eat: Chunk             |     4 |    11 |    17 |    31 |    37 ||   100
       Ration            |       |       |       |     1 |       ||     1
Armor: Robe              |    17 |    47 |    42 |     8 |       ||   114
       Troll leather arm |       |       |       |    86 |    80 ||   166
Dodge: Dodged            |    65 |   100 |   125 |   157 |   134 ||   581
Block: Buckler           |       |    37 |   108 |    29 |       ||   174
       Reflection        |       |       |     4 |       |       ||     4
       Kite shield       |       |       |       |   191 |   265 ||   456
